 Dungeon Crawl Stone Soup version 0.28.0 (webtiles) character file.

Game seed: 13014242391996894362

353 ragingrage the Chopper (level 6, -14/57 HPs)
             Began as a Minotaur Berserker on Feb 7, 2022.
             Was a Believer of Trog.
             Killed from afar by an orc (28 damage)
             ... with a bolt of acid
             ... on level 3 of the Dungeon.
             The game lasted 00:01:33 (3339 turns).

ragingrage the Chopper (Minotaur Berserker)         Turns: 3339, Time: 00:01:34

Health: -14/57     AC: 11    Str: 30    XL:     6   Next: 35%
Magic:  5/5        EV: 10    Int:  4    God:    Trog [**....]
Gold:   88         SH:  0    Dex:  9    Spells: 5/5 levels left

rFire   . . .      SeeInvis .   a - +0 hand axe
rCold   . . .      Faith    .   (no shield)
rNeg    . . .      Spirit   .   i - +0 scale mail
rPois   .          Reflect  .   (helmet restricted)
rElec   .          Harm     .   (no cloak)
rCorr   .          Rampage  .   r - +0 pair of gloves
Will    .....                   (no boots)
Stlth   ..........              (no amulet)
HPRegen 0.19/turn               n - +6 ring of strength
MPRegen 0.09/turn               c - +4 ring of protection

@: attractive
A: horns 2, retaliatory headbutt
a: Renounce Religion, Berserk, Trog's Hand


You were on level 3 of the Dungeon.
You worshipped Trog.
Trog was pleased with you.
You visited 1 branch of the dungeon, and saw 3 of its levels.

You collected 88 gold pieces.

Inventory:

Hand Weapons
 a - a +0 hand axe (weapon)
Armour
 i - a +0 scale mail (worn)
 r - a +0 pair of gloves (worn)
Jewellery
 c - a +4 ring of protection (right hand)
 n - a +6 ring of strength (left hand)
Wands
 o - a wand of acid (5)
Scrolls
 d - 3 scrolls of identify {unknown}
 g - a scroll of magic mapping {unknown}
 j - a scroll of enchant weapon {unknown}
 q - a scroll of summoning {unknown}
Potions
 h - a potion of mutation {unknown}
 k - a potion of degeneration {unknown}
 l - a potion of magic {unknown}
 m - a potion of ambrosia {unknown}
 p - a potion of might {unknown}


   Skills:
 + Level 5.7 Fighting
 * Level 7.4 Axes
 - Level 2.4 Armour
 - Level 2.1 Dodging


You had 5 spell levels left.
You didn't know any spells.
Your spell library was empty.

Dungeon Overview and Level Annotations

Branches:
Dungeon (3/15)

Altars:

Annotations:
D:3 1 runed translucent door, Crazy Yiuf


Innate Abilities, Weirdness & Mutations

You have a pair of horns on your head.
You reflexively headbutt those who attack you in melee.


Message History

You are too injured to fight recklessly!
You are too injured to fight recklessly!
You are too injured to fight recklessly!
You are too injured to fight recklessly!
You are too injured to fight recklessly!
You are too injured to fight recklessly!
Unknown command.
The orc throws a poisoned dart.
The poisoned dart hits you!
You are poisoned.
You feel very sick.
You feel sick.
The kobold throws a stone.
The stone barely misses you.
You feel sick.
You feel sick.
You feel sick.
The kobold throws a stone.
The stone hits you but does no damage.
You feel sick.
It was a potion of attraction.
You feel attractive to monsters.
You feel sick.
The kobold throws a stone.
The stone hits you but does no damage. The kobold is attracted toward you.
The orc is attracted toward you.
Unknown command.
It was a potion of lignification.
You turn into a tree.
Your +0 pair of gloves melds into your body.
Your +0 scale mail melds into your body.
Your roots penetrate the ground.
You feel sick. The kobold hits you but does no damage.
It was a potion of cancellation.
Your magical effects are unravelling.
You feel magically purged.
You feel less wooden.
Your +0 pair of gloves unmelds from your body.
Your +0 scale mail unmelds from your body.
You feel sick.
You are no longer poisoned.
The orc zaps a wand.
The bolt of acid hits the kobold!!
The acid corrodes the kobold!
The kobold dies!
The bolt of acid hits you!!
You die...

+# #..........# )♣♣
.........#.## ♣)♣ ..o.........#
♣)♣♣ .....###.#.## ♣♣)♣ ##. #§#
♣)♣♣ ###.####### ..)♣
#o§........ ...♣ #)#.#######
...# #@#.# ...#### #.#.#
########## ..###.# #.#.#
#......... .####.# #.#.#
#.......## ......# ...#.#
#....:..# #####.# #..#.#
#....†..# #.# #..#.# #.......#
#####'#########..#.# #.......#
.........#.......#.#######....##


You could see an orc.

Vanquished Creatures
  A black bear (D:2)
  A jelly (D:3)
  2 orc priests
  Jessica (D:2)
  2 orc wizards (D:3)
  2 adders (D:2)
  An ufetubus (D:2)
  2 worms
  3 dart slugs
  12 orcs
  A ball python (D:2)
  3 bats
  3 endoplasms (D:2)
  5 goblins
  6 hobgoblins
  8 jackals
  A kobold (D:1)
  3 rats
57 creatures vanquished.

Vanquished Creatures (others)
  A kobold (D:3)
1 creature vanquished.

Grand Total: 58 creatures vanquished

Notes
Turn   | Place    | Note
-------+----------+-------------------------------------------
     0 | D:1      | ragingrage the Minotaur Berserker began the quest for the
                  | Orb.
     0 | D:1      | Reached XP level 1. HP: 19/19 MP: 0/0
   111 | D:1      | Reached skill level 4 in Axes
   360 | D:1      | Reached XP level 2. HP: 27/27 MP: 1/1
  1060 | D:2      | Reached XP level 3. HP: 33/33 MP: 2/2
  1379 | D:2      | Noticed a black bear
  1384 | D:2      | Killed a black bear
  1385 | D:2      | Reached skill level 5 in Axes
  1385 | D:2      | Reached XP level 4. HP: 31/41 MP: 3/3
  1702 | D:2      | Reached skill level 6 in Axes
  1795 | D:2      | Reached XP level 5. HP: 47/47 MP: 4/4
  1881 | D:2      | Found a faded altar of an unknown god.
  2050 | D:2      | Noticed Jessica
  2057 | D:2      | Killed Jessica
  2058 | D:2      | Reached skill level 5 in Fighting
  2798 | D:2      | Reached ** piety under Trog
  2817 | D:3      | Reached skill level 7 in Axes
  2817 | D:3      | Reached XP level 6. HP: 56/56 MP: 5/5
  3181 | D:3      | Found a runed translucent door.
  3182 | D:3      | Noticed Crazy Yiuf
  3339 | D:3      | Killed from afar by an orc

Illustrated notes

Levels and vault maps discovered:
D:1:      zelgadis_glass_arrival_small, layout_loops_ring
D:2:      layout_loops_corners, shapermc_ecumenical_altar_totnotflames,
          serial_glass, glass_columns_a, glass_columns_b, glass_columns_b,
          glass_columns_c, glass_columns_c, glass_columns_c, uniq_jessica
D:3:      layout_basic, uniq_crazy_yiuf_cottage

Skill      XL: |  1  2  3  4  5 |
---------------+----------------+-----
Axes           | 4 5 6 7 |  7.4
Fighting       | 4 5 |  5.7
Armour         | |  2.4
Dodging        | |  2.1

Action                   |  1- 3 |  4- 6 || total
-------------------------+-------+-------++-------
Melee: Hand axe          |    50 |    65 ||   115
       Headbutt          |     6 |    13 ||    19
       Punch             |     1 |     1 ||     2
Invok: Berserk           |     2 |     2 ||     4
  Use: Potion            |       |     3 ||     3
Armor: Animal skin       |     4 |       ||     4
       Scale mail        |    15 |    44 ||    59
       Skin              |       |     1 ||     1
Dodge: Dodged            |    39 |    36 ||    75
